 Dungeon Crawl Stone Soup version 0.24.0-1-gfbc8707122 (webtiles) character file.

Game seed: 2979758184723578752, levelgen mode: deterministic

302 Arum the Shield-Bearer (level 6, 0/51 HPs)
             Began as a Formicid Fighter on Oct 27, 2019.
             Slain by an ogre
             ... wielding a +0 giant spiked club
              (5 damage)
             ... on level 4 of the Dungeon.
             The game lasted 00:06:34 (3056 turns).

Arum the Shield-Bearer (Formicid Fighter)           Turns: 3056, Time: 00:06:35

Health: 0/51       AC:  8    Str: 21 (23) XL:     6   Next: 65%
Magic:  6/6        EV:  8    Int:  5 (7)  God:
Gold:   154        SH: 10    Dex:  8 (10) Spells: 5/5 levels left

rFire    + . .     SeeInvis +   a - +0 quarterstaff
rCold    + . .     Gourm    .   c - +0 shield
rNeg     . . .     Faith    .   b - +0 scale mail
rPois    +         Spirit   .   (helmet unavailable)
rElec    +         Reflect  .   (no cloak)
rCorr    +         Harm     .   s - +0 pair of gloves
MR       .....                  (no boots)
Stlth    ..........             k - amulet of the acrobat
HPRegen  0.17/turn              (no ring)
MPRegen  0.10/turn              (no ring)

@: resistant
A: permanent stasis, dig shafts and tunnels, four strong arms, antennae 3
a: Dig, Shaft Self


You were on level 4 of the Dungeon.
You were hungry.

You visited 1 branch of the dungeon, and saw 4 of its levels.

You collected 154 gold pieces.

Inventory:

Hand Weapons
 a - a +0 quarterstaff (weapon)
Armour
 b - a +0 scale mail (worn)
 c - a +0 shield (worn)
 s - a +0 pair of gloves (worn)
Jewellery
 k - an amulet of the acrobat (around neck)
Scrolls
 e - 3 scrolls of identify {unknown}
 h - 2 scrolls of teleportation {unknown}
 i - a scroll of blinking {unknown}
 m - a scroll of fear {unknown}
 n - a scroll of magic mapping {unknown}
 p - a scroll of random uselessness {unknown}
 t - a scroll of remove curse {unknown}
 w - a scroll of enchant armour {unknown}
Potions
 d - a potion of might
 o - a potion of lignification
 q - a potion of berserk rage {unknown}
 u - a potion of brilliance {unknown}
Comestibles
 f - 11 rations


   Skills:
 + Level 5.1 Fighting
 + Level 4.0 Staves
 - Level 3.2 Armour
 + Level 5.6 Shields


You had 5 spell levels left.
You didn't know any spells.
Your spell library was empty.

Dungeon Overview and Level Annotations

Branches:
Dungeon (4/15)
 Temple: D:4-7

Altars:

Annotations:
D:4 1 transporter, drjones's ghost, novice GrFi


Innate Abilities, Weirdness & Mutations

You cannot be hasted, slowed, berserked, paralysed or teleported.
You can dig through walls and to a lower floor.
Your four strong arms can wield two-handed weapons with a shield.
You have a pair of large antennae on your head. (SInv)


Message History

You block the ogre's attack.
Your shield and scale mail prevent you from hitting the ogre.
The ogre is moderately wounded.
The ogre hits you with a +0 giant spiked club!
* * * LOW HITPOINT WARNING * * *
You hit the ogre.
The ogre is heavily wounded.
You block the ogre's attack.
Your shield and scale mail prevent you from hitting the ogre.
The ogre is heavily wounded.
You sock the ogre!
The ogre is almost dead.
You block the ogre's attack.
You closely miss the ogre.
The ogre is almost dead.
The ogre hits you but does no damage.
You closely miss the ogre.
The ogre is almost dead.
The ogre hits you with a +0 giant spiked club.
You die...

..{a............#..##.
.
#{o.......#..#©..#..©.
{
#.#.....#.#.##.#.....#
###..O......{.# ...
#=. ...............#
.#. ..#....{{{......#
. # ....####{{........
## #.## #O######.##).
. ##@# .# ## ### . #


You could see an ogre.

Vanquished Creatures
  An ogre (D:3)
  2 orc priests (D:3)
  4 gnolls (D:2)
  2 adders
  A worm (D:2)
  A dart slug (D:1)
  6 leopard geckos
  5 orcs
  7 bats
  7 giant cockroaches
  6 goblins
  14 hobgoblins
  8 jackals (D:1)
  5 frilled lizards
  11 kobolds
  3 rats
83 creatures vanquished.

Notes
Turn   | Place    | Note
-------+----------+-------------------------------------------
     0 | D:1      | Arum the Formicid Fighter began the quest for the Orb.
     0 | D:1      | Reached XP level 1. HP: 18/18 MP: 1/1
   134 | D:1      | Reached XP level 2. HP: 16/24 MP: 2/2
   353 | D:1      | Reached XP level 3. HP: 28/30 MP: 3/3
   722 | D:1      | Reached XP level 4. HP: 32/37 MP: 4/4
  1156 | D:2      | Found a faded altar of an unknown god.
  1197 | D:2      | Reached XP level 5. HP: 40/42 MP: 5/5
  1890 | D:3      | Reached skill level 5 in Shields
  1899 | D:3      | Reached XP level 6. HP: 10/50 MP: 6/6
  2429 | D:4      | Noticed drjones's ghost (novice GrFi)
  2440 | D:4      | Noticed an ogre
  2446 | D:4      | HP: 1/50 [ogre/+0 giant club (21)]
  2772 | D:3      | Killed an ogre
  2772 | D:3      | Reached skill level 5 in Fighting
  3017 | D:4      | Found a transporter.
  3030 | D:4      | Noticed an ogre
  3056 | D:4      | Slain by an ogre

Levels and vault maps discovered:
D:1:      minmay_arrival_open_corners, layout_loops_ring, minmay_tall_x
D:2:      layout_basic, chequers_ecumenical_altar_simple, first_ration
D:3:      layout_loops_ring
D:4:      layout_basic, gammafunk_ghost_stat_death, minmay_fractal_squares_5,
          uniq_robin

Skill      XL: |  1  2  3  4  5  6 |
---------------+-------------------+-----
Shields        | 4 5 |  5.6
Fighting       | 4 5 |  5.1
Staves         | 3 4 |  4.0
Armour         | |  3.2

Action                   |  1- 3 |  4- 6 || total
-------------------------+-------+-------++-------
Melee: Quarterstaff      |   124 |   164 ||   288
 Abil: Dig               |       |     3 ||     3
  Use: Potion            |       |     5 ||     5
  Eat: Chunk             |       |     7 ||     7
Armor: Scale mail        |    42 |    59 ||   101
       Skin              |       |     7 ||     7
Dodge: Dodged            |    49 |    40 ||    89
Block: Shield            |    62 |    80 ||   142
